 Dungeon Crawl Stone Soup version 0.30.0-10-gfe55d96785 (webtiles) character file.

Game seed: 6765780628395374675

248 ProzacElf the Slasher (level 5, -2/38 HPs)
             Began as a Demonspawn Gladiator on May 13, 2023.
             Slain by a gnoll
             ... wielding a +0 flail
             ... led by a gnoll bouda
              (8 damage)
             ... on level 4 of the Dungeon.
             The game lasted 00:05:57 (2623 turns).

ProzacElf the Slasher (Demonspawn Gladiator)        Turns: 2623, Time: 00:05:58

Health: -2/38      AC: 10    Str: 16    XL:     5   Next: 86%
Magic:  5/5        EV: 11    Int:  9    God:
Gold:   213        SH:  0    Dex: 15    Spells: 4/4 levels left

rFire   + . .        b - +2 whip "Waol" {drain, rF+}
rCold   . . .        (no shield)
rNeg    . . .        k - +0 ring mail
rPois   .            c - +0 helmet
rElec   .            m - +0 cloak
rCorr   .            q - +0 pair of gloves
SInv    .            o - +1 pair of boots
Will    .....        (no amulet)
Stlth   +            (no ring)
HPRegen 0.26/turn    (no ring)
MPRegen 0.09/turn

%: no passive effects
@: weakened
A: claws 1
a: no special abilities


You were on level 4 of the Dungeon.
You visited 1 branch of the dungeon, and saw 4 of its levels.

You collected 213 gold pieces.

Inventory:

Hand Weapons
 a - a +0 long sword
 b - the +2 whip "Waol" (weapon) {drain, rF+}
   (You found it on level 2 of the Dungeon)

   rF:        It protects you from fire.
 x - a +0 shortbow
Missiles
 d - 3 throwing nets (quivered)
 e - a javelin
Armour
 c - a +0 helmet (worn)
 k - a +0 ring mail (worn)
 l - a +0 leather armour
 m - a +0 cloak (worn)
 o - a +1 pair of boots (worn)
 q - a +0 pair of gloves (worn)
 u - a +0 plate armour
Scrolls
 h - a scroll of enchant armour
 p - a scroll of vulnerability
 s - a scroll of blinking
Potions
 f - a potion of ambrosia {!e}
 g - a potion of cancellation
 i - a potion of degeneration
 j - 2 potions of magic {unknown}
 t - a potion of heal wounds {unknown}
 v - a potion of curing {unknown}


   Skills:
 - Level 2.0 Fighting
 + Level 5.7 Long Blades
 - Level 2.0 Throwing
 + Level 0.9 Armour
 - Level 3.0 Dodging


You had 4 spell levels left.
You didn't know any spells.
Your spell library contained the following spells:

 Spells                   Type           Power      Damage    Failure   Level
 Summon Small Mammal      Summ           0%         N/A       61%         1
 Call Canine Familiar     Summ           0%         N/A       93%         3
 Summon Guardian Golem    Hex/Summ       0%         N/A       93%         3


Dungeon Overview and Level Annotations

Branches:
Dungeon (4/15)
 Temple: D:4-7

Altars:


Innate Abilities, Weirdness & Mutations

You have sharp fingernails.


Message History

Ye take 5 damage, an' haf 9/38 hp.
Tha gnoll bouda attacks as ye move away!
Tha gnoll bouda closely misses ye.
Tha gnoll closely misses ye.
A ball python comes inta view.
Tha gnoll bouda attacks as ye move away!
Tha gnoll bouda hits ye wit' a +0 whip.
* * * LOW HITPOINT WARNIN'
* * * A quokka comes inta view.
Ye take 4 damage, an' haf 6/38 hp.
Tha gnoll bouda barks out a call ta tha hunt!
Tha gnolls pick up tha pace!
Tha ball python bites ye.
* * * LOW HITPOINT WARNIN'
* * * Tha ball python misses ye.
Tha gnoll bouda calls upon its god ta heal tha gnoll.
Tha gnoll be healed somewhat.
Ye take 1 damage, an' haf 5/38 hp.
Tha quokka barely misses ye. x2
Tha quokka bites ye.
* * * LOW HITPOINT WARNIN'
* * * Ye take 1 damage, an' haf 5/38 hp.
Tha quokka attacks as ye move away!
Tha quokka bites ye but does nay damage.
Tha ball python attacks as ye move away!
Tha ball python barely misses ye.
Found a scale mail.
Tha quokka twitches its whiskers.
Tha ball python closely misses ye.
Tha ball python barely misses ye.
Tha gnoll bouda gazes fiercely through ye!
Ye feel yer attacks grow feeble.
It was a potion o' cancellation.
Yer magical effects be unravellin'.
Ye feel magic'lly purged.
Ye feel yer willpower return.
Yer attacks nay longer feel as feeble.
Tha quokka barely misses ye.
Tha ball python closely misses ye.
Tha ball python grabs ye.
Tha ball python constricts ye.
Tha gnoll bouda gazes fiercely through ye!
Ye feel yer attacks grow feeble.
Ye 'scape tha ball python's grasp.
Tha quokka attacks as ye move away!
Tha quokka closely misses ye.
Tha gnoll hits ye wit' a +0 flail!
Ye die...

**,,,****,**,*,,,,,,,,,,,*,,,****
,***,,,*,,#.**#.....*,,**,,,,,,,,
,,,***,,,##.#**....#**,,,,,,,,,,,
,*,,,***,#...#,..#.# *,,,,,,,,,,*
****,,,*,*#...,....####*,,,,,,,,,
,,,***,,,**#..##......#.,,,,,,,,,
*,,,,**,##,#............,,,>,,,,,
,,*,,*,,#.##,#........[.,,,,,,,,,
,,,,**,##..###.r@.......,,,,,,,,,
**,,*,,#...##...g.......,,,,,,,,,
,##**,##....#.Sg........,,,,,,,,,
,,.#.,#......g....#.##..,,,,,,,,,
**,..##......g....###,,.,,,,*,,,*
.###.#.............#***,,,,,,,,,,
#..#.#............##**,,**,,*+*,,
##.........#........**,,***,*~*,,
#................#...,,,,**,*~*,,


You could see a gnoll bouda, 3 gnolls, a quokka and a ball python.

Vanquished Creatures
  A centaur (D:3)
  A hound (D:3)
  A jelly (D:3)
  4 adders
  A worm (D:4)
  3 dart slugs
  An orc (D:3)
  3 endoplasms
  2 giant cockroaches (D:1)
  7 goblins
  3 hobgoblins
  5 jackals
  3 quokkas
  9 ball pythons
  5 bats
  4 frilled lizards
  5 kobolds
  13 rats
71 creatures vanquished.

Notes
Turn   | Place    | Note
-------+----------+-------------------------------------------
     0 | D:1      | ProzacElf the Demonspawn Gladiator began the quest for the
                  | Orb.
     0 | D:1      | Reached XP level 1. HP: 16/16 MP: 1/1
   153 | D:1      | Reached skill level 3 in Long Blades
   196 | D:1      | Gained mutation: You have sharp fingernails. [demonic
                  | ancestry]
   196 | D:1      | Reached XP level 2. HP: 18/22 MP: 2/2
   421 | D:1      | Found a faded altar of an unknown god.
  1027 | D:2      | Reached XP level 3. HP: 21/27 MP: 3/3
  1028 | D:2      | Identified the +2 whip "Waol" {drain, rF+}
  1173 | D:2      | Reached skill level 4 in Long Blades
  1651 | D:3      | Reached XP level 4. HP: 33/33 MP: 4/4
  1932 | D:3      | Reached skill level 5 in Long Blades
  2054 | D:3      | Noticed a centaur
  2067 | D:3      | Killed a centaur
  2068 | D:3      | Reached XP level 5. HP: 34/38 MP: 5/5
  2623 | D:4      | Slain by a gnoll

Illustrated notes

Levels and vault maps discovered:
D:1:      lightli_arrival_noodles, layout_basic, chequers_ecumenical_altar_grove
D:2:      layout_rooms
D:3:      layout_loops_corners
D:4:      minmay_skewed_foursquare, layout_cave_pools, enter_ossuary_1,
          ebering_ghost_sewer_d

Skill      XL: |  1  2  3  4 |
---------------+-------------+-----
Throwing       | 2 |  2.0
Long Blades    | 3 4 5 |  5.7
Dodging        | 3 |  3.0
Fighting       | |  2.0
Armour         | |  0.9

Action                     |  1- 3 |  4- 6 || total
---------------------------+-------+-------++-------
  Melee: Long sword        |    66 |       ||    66
         Punch             |     2 |       ||     2
         Whip              |    44 |    92 ||   136
    Use: Scroll            |       |     8 ||     8
         Potion            |       |     1 ||     1
 Armour: Leather armour    |    21 |       ||    21
         Ring mail         |    26 |    70 ||    96
  Dodge: Dodged            |    64 |    97 ||   161

Action                     |  1- 3 |  4- 6 || total
---------------------------+-------+-------++-------
  Melee: Long sword        |    66 |       ||    66
         Punch             |     2 |       ||     2
         Whip              |    44 |    92 ||   136
    Use: Scroll            |       |     8 ||     8
         Potion            |       |     1 ||     1
 Armour: Leather armour    |    21 |       ||    21
         Ring mail         |    26 |    70 ||    96
  Dodge: Dodged            |    64 |    97 ||   161

Levels and vault maps discovered:
D:1:      lightli_arrival_noodles, layout_basic, chequers_ecumenical_altar_grove
D:2:      layout_rooms
D:3:      layout_loops_corners
D:4:      minmay_skewed_foursquare, layout_cave_pools, enter_ossuary_1,
          ebering_ghost_sewer_d
